 Dungeon Crawl Stone Soup version 0.26-a0-683-g5206c1d7ac (webtiles) character file.

Game seed: 2689764458219752598

9620 Kinoniko the Fighter (level 11, -2/117 HPs)
             Began as an Ogre Berserker on Oct 22, 2020.
             Was a High Priest of Trog.
             Slain by a thrashing horror (17 damage)
             ... on level 1 of the Abyss.
             The game lasted 00:14:41 (11653 turns).

Kinoniko the Fighter (Ogre Berserker)              Turns: 11653, Time: 00:14:41

Health: -2/117     AC:  4    Str: 23      XL:     11   Next: 49%
Magic:  8/8        EV: 18    Int:  9 (10) God:    Trog [*****.]
Gold:   546        SH:  0    Dex: 10 (11) Spells: 10/10 levels left

rFire    + . .     SeeInvis .   t - +2 halberd
rCold    + . .     Faith    +   (shield currently unavailable)
rNeg     . . .     Spirit   .   b - +0 animal skin
rPois    .         Reflect  .   (helmet restricted)
rElec    .         Harm     .   j - scarf {rC+ rF+}
rCorr    .         Rampage  .   (gloves unavailable)
MR       +....     Rnd*Rage +   (boots unavailable)
Stlth    +.........             q - amulet of faith
HPRegen  0.29/turn              E - +4 ring of evasion
MPRegen  0.11/turn              f - +4 ring of evasion

@: lethally poisoned (-2 -> -3), berserk cooldown, slowed, very slow
A: large, unfitting armour, yellow scales 1, berserk 1, clever 1, [deformed
body], [deterioration 2], [frail 1], low mp 1[+1], tough skin 1
a: Berserk, Trog's Hand, Brothers in Arms, Renounce Religion


You were on level 1 of the Abyss.
You worshipped Trog.
Trog was extremely pleased with you.
You visited 1 branch of the dungeon, and saw 9 of its levels.
You visited the Abyss 1 time.
You also visited: Sewer.

You collected 546 gold pieces.

Inventory:

Hand Weapons
 a - a +1 spear
 t - a +2 halberd (weapon)
Armour
 b - a +0 animal skin (worn)
 j - a scarf of resistance (worn)
 k - a +1 kite shield
Jewellery
 f - a +4 ring of evasion (right hand)
 m - a +6 ring of dexterity
 q - an amulet of faith (around neck)
 E - a +4 ring of evasion (left hand)
Wands
 o - a wand of iceblast (6)
 x - a wand of digging (4)
Scrolls
 g - 3 scrolls of amnesia
 h - 3 scrolls of blinking
 l - 2 scrolls of fear
 r - 2 scrolls of teleportation
 u - a scroll of enchant armour
 v - 2 scrolls of identify
 y - 3 scrolls of remove curse
 A - a scroll of silence
 B - a scroll of fog
Potions
 c - a potion of might
 d - a potion of haste
 e - 2 potions of brilliance
 i - 6 potions of heal wounds
 n - 3 potions of stabbing
 p - 5 potions of curing
 s - 2 potions of lignification
 w - 2 potions of magic {unknown}
 z - a potion of berserk rage {unknown}
 C - a potion of ambrosia {unknown}
 D - a potion of flight {unknown}


   Skills:
 * Level 14.4 Fighting
 * Level 11.5 Polearms
 - Level 2.7 Dodging
 + Level 7.0 Shields


You had 10 spell levels left.
You didn't know any spells.
Your spell library contained the following spells:

 Spells                   Type           Power        Failure   Level
 Poisonous Vapours        Pois/Air       #.....       52%         2
 Conjure Flame            Conj/Fire      #.......     77%         3
 Mephitic Cloud           Conj/Pois/Air  #.......     77%         3
 Freezing Cloud           Conj/Ice/Air   #.........   100%        6


Dungeon Overview and Level Annotations

Branches:
Dungeon (9/15)             Temple (0/1) D:5            Lair (0/6) D:8
  Sewer (visited)
    Orc: D:9-12

Altars:
Ashenzari
Dithmenos
Elyvilon
Hepliaklqana
Nemelex Xobeh
Okawaru
Qazlal
Uskayaw
Vehumet
Xom
Yredelemnul
The Shining One

Shops:
D:9 }

Annotations:
D:9 Erolcha


Innate Abilities, Weirdness & Mutations

You are too large for most types of armour.
You have tough skin. (AC +1)
You are partially covered in yellow scales. (AC +2)
You tend to lose your temper in combat.
Your mind is acute. (Int +2)
[Armour fits poorly on your strangely shaped body.]
[Your body often deteriorates upon taking damage.]
[You are frail. (-10% HP)]
[Your magical capacity is very low. (-20% MP)]


Message History

You hold your ground!
You are too injured to fight recklessly!
You closely miss the thrashing horror.
The thrashing horror is moderately damaged.
You feel sick. The thrashing horror barely misses you.
The thrashing horror completely misses you.
The small abomination completely misses you.
A chaos spawn comes into view.
The chaos spawn hisses angrily.
The thrashing horror tramples you.
* * * LOW HITPOINT WARNING * * *
You stumble backwards!
The small abomination barely misses you.
The small abomination misses you. The small abomination hits you!
* * * LOW HITPOINT WARNING * * *
Your body deteriorates!
You feel dopey.
You impale the thrashing horror!!
The thrashing horror is severely damaged.
You feel sick. The thrashing horror tramples you!
You die...

###.. #
#.... ..
....##
...
..4.#
....
...# X
...#..##
#...Z# #
# ##Xx#
#.@#
##.##
#..##.
##....
#.####.#
### #..
.. . .


You could see a thrashing horror, a chaos spawn, a small abomination and an iron
dragon zombie.

Vanquished Creatures
  2 two-headed ogres
  A wretched star (Abyss:1)
  A deep elf archer (D:8)
  A smoke demon (Abyss:1)
  An orange demon (Abyss:1)
  Maggie (D:8)
  A vampire (D:8)
  A wyvern (D:8)
  5 yaks (D:8)
  3 large abominations (Abyss:1)
  2 basilisks (D:8)
  A chaos spawn (Abyss:1)
  3 water moccasins
  An orc warrior (D:8)
  A black bear (D:6)
  A sky beast (D:8)
  3 phantoms
  3 ogres
  A necrophage (D:8)
  4 centaurs
  A bullfrog (D:8)
  A wyvern zombie (D:4)
  2 wyvern skeletons
  A gnoll sergeant (D:7)
  A water moccasin skeleton (D:5)
  A scorpion (D:8)
  9 killer bees
  A howler monkey (D:6)
  4 wights (D:6)
  A jelly (D:5)
  7 orc wizards
  4 orc priests
  A bullfrog skeleton (D:8)
  A hound (D:4)
  An iguana (D:5)
  7 worker ants
  A hound skeleton (D:4)
  A hound zombie (D:7)
  A worker ant zombie (D:8)
  12 gnolls
  16 adders
  3 river rats (Sewer)
  2 shadow imps
  3 white imps (D:7)
  2 ufetubi
  2 oozes
  3 worms
  3 dart slugs (D:1)
  13 leopard geckos
  17 orcs
  4 ball pythons (Sewer)
  9 giant cockroaches
  9 hobgoblins
  16 jackals
  5 quokkas
  8 bats
  7 frilled lizards
  6 goblins
  22 kobolds
  A leopard gecko skeleton (D:6)
  25 rats
271 creatures vanquished.

Vanquished Creatures (collateral kills)
  A thrashing horror (Abyss:1)
  Prince Ribbit (D:8)
  A small abomination (Abyss:1)
  A worker ant (D:8)
  2 orcs (D:8)
6 creatures vanquished.

Vanquished Creatures (others)
  4 golden eyes (Abyss:1)
  6 plants (D:8)
10 creatures vanquished.

Grand Total: 287 creatures vanquished

Notes
Turn   | Place    | Note
-------+----------+-------------------------------------------
     0 | D:1      | Kinoniko the Ogre Berserker began the quest for the Orb.
     0 | D:1      | Reached XP level 1. HP: 24/24 MP: 1/1
   205 | D:1      | Reached XP level 2. HP: 21/32 MP: 2/2
   533 | D:1      | Reached XP level 3. HP: 37/40 MP: 3/3
   597 | D:1      | Reached ** piety under Trog
  1100 | D:2      | Reached skill level 5 in Fighting
  1264 | D:2      | Reached XP level 4. HP: 37/50 MP: 4/4
  1535 | D:2      | Noticed a phantom
  1578 | D:2      | Gained mutation: You are partially covered in yellow
                  | scales. (AC +2) [potion of mutation]
  1578 | D:2      | Gained mutation: You tend to lose your temper in combat.
                  | [potion of mutation]
  1578 | D:2      | Gained mutation: [Your magical capacity is low. (-10% MP)]
                  | [potion of mutation]
  1578 | D:2      | Gained mutation: Your mind is acute. (Int +2) [potion of
                  | mutation]
  1593 | D:2      | Killed a phantom
  1593 | D:2      | Reached skill level 1 in Shields
  1593 | D:2      | Reached XP level 5. HP: 8/59 MP: 4/4
  2005 | D:2      | Reached skill level 6 in Fighting
  2133 | D:2      | Found a shimmering altar of Xom.
  2135 | D:2      | Found a shimmering altar of Xom.
  2136 | D:2      | Found a shimmering altar of Xom.
  2137 | D:2      | Found a shimmering altar of Xom.
  2137 | D:2      | Found a shimmering altar of Xom.
  2139 | D:2      | Found a shimmering altar of Xom.
  2139 | D:2      | Found a shimmering altar of Xom.
  2788 | D:3      | Found a basalt altar of Yredelemnul.
  2898 | D:3      | Found a hide-covered altar of Uskayaw.
  3029 | D:3      | Reached XP level 6. HP: 67/67 MP: 5/5
  3330 | D:3      | Found a glowing golden altar of the Shining One.
  3584 | D:4      | Found a stormy altar of Qazlal.
  3585 | D:4      | Found a radiant altar of Vehumet.
  3605 | D:4      | Found an iron altar of Okawaru.
  3606 | D:4      | Found a shadowy altar of Dithmenos.
  3607 | D:4      | Found a white marble altar of Elyvilon.
  3607 | D:4      | Found a hazy altar of Hepliaklqana.
  3608 | D:4      | Found a broken altar of Ashenzari.
  3621 | D:4      | Reached skill level 5 in Polearms
  3679 | D:4      | Noticed a phantom
  3698 | D:4      | Killed a phantom
  3751 | D:4      | Reached skill level 7 in Fighting
  3838 | D:4      | Reached XP level 7. HP: 71/78 MP: 6/6
  4385 | D:5      | Entered Level 5 of the Dungeon
  4450 | D:5      | Found a glowing drain.
  4456 | Sewer    | Entered a sewer
  4548 | Sewer    | Reached *** piety under Trog
  5195 | Sewer    | Reached **** piety under Trog
  5515 | D:5      | Reached skill level 8 in Fighting
  5734 | D:5      | Reached XP level 8. HP: 88/88 MP: 7/7
  5787 | D:5      | Found a staircase to the Ecumenical Temple.
  7016 | D:6      | Reached skill level 9 in Fighting
  7915 | D:6      | Reached skill level 10 in Fighting
  7915 | D:6      | Reached XP level 9. HP: 101/101 MP: 8/8
  8079 | D:7      | Noticed a two-headed ogre
  8084 | D:7      | Killed a two-headed ogre
  8186 | D:7      | Reached skill level 11 in Fighting
  8489 | D:7      | Found a sparkling altar of Nemelex Xobeh.
  9062 | D:7      | Reached skill level 5 in Shields
  9113 | D:8      | Reached XP level 10. HP: 115/115 MP: 9/9
  9328 | D:8      | Reached skill level 12 in Fighting
  9340 | D:8      | Reached ***** piety under Trog
  9345 | D:8      | Found a staircase to the Lair.
  9355 | D:8      | Reached skill level 10 in Polearms
  9751 | D:8      | Noticed Prince Ribbit
  9752 | D:8      | Noticed Maggie
  9766 | D:8      | Killed Maggie
  9788 | D:8      | Killed Prince Ribbit
  9999 | D:8      | Reached skill level 13 in Fighting
 10546 | D:8      | Noticed a deep elf archer
 10552 | D:8      | Killed a deep elf archer
 11022 | D:9      | Found Zuresyfue's Gadget Boutique.
 11188 | D:9      | Received a gift from Trog
 11217 | D:9      | Noticed Erolcha
 11217 | D:9      | Noticed a two-headed ogre
 11222 | D:9      | Killed a two-headed ogre
 11222 | D:9      | Reached XP level 11. HP: 128/128 MP: 9/9
 11231 | D:9      | Cast into level 1 of the Abyss (Erolcha)
 11293 | Abyss:1  | Noticed a thrashing horror
 11299 | Abyss:1  | Killed a thrashing horror
 11340 | Abyss:1  | Noticed a bone dragon
 11451 | Abyss:1  | Noticed a large abomination
 11465 | Abyss:1  | Killed a large abomination
 11465 | Abyss:1  | Reached skill level 14 in Fighting
 11473 | Abyss:1  | Noticed a wretched star
 11489 | Abyss:1  | Killed a wretched star
 11644 | Abyss:1  | Noticed a thrashing horror
 11653 | Abyss:1  | Slain by a thrashing horror

Illustrated notes

Levels and vault maps discovered:
D:1:      dpeg_arrival_pits, layout_basic, minmay_tetromino_s2
D:2:      kb_forest_paths, layout_basic, xom_redecorated
D:3:      layout_basic, grunt_temple_overflow_holy_war,
          eat_drink_and_be_merry_uskayaw
D:4:      layout_loops_ring, grunt_temple_overflow_open
D:5:      layout_layer_cave, minmay_temple_entry_trees, gup_sewer_entry_pipe,
          small_statue_intersection, hangedman_abyss_or_decor_lesser_grid
D:6:      layout_rooms, roderic_lattice_a
D:7:      layout_basic, basic_altar
D:8:      layout_loops_ring, minmay_lair_entry_grove, enter_bailey_2,
          kennysheep_just_a_vault, uniq_maggie, uniq_prince_ribbit1
D:9:      layout_roguey, serial_shops, shop, uniq_erolcha
Abyss:1:  base:
D:5

Skill      XL: |  1  2  3  4  5  6  7  8  9 10 11 |
---------------+----------------------------------+-----
Fighting       | 5 6 7 8 10 11 13 14 | 14.4
Polearms       | 4 5 6 7 9 11 | 11.5
Shields        | 1 2 3 4 5 6 7 |  7.0
Dodging        | |  2.7

Action                   |  1- 3 |  4- 6 |  7- 9 | 10-12 || total
-------------------------+-------+-------+-------+-------++-------
Melee: Spear             |   124 |   229 |   281 |       ||   634
       Halberd           |       |       |   137 |   220 ||   357
Invok: Berserk           |     2 |     5 |    20 |    12 ||    39
       Trog's Hand       |       |     3 |       |     2 ||     5
       Brothers in Arms  |       |       |       |     2 ||     2
  Use: Potion            |       |     3 |       |     2 ||     5
       Scroll            |       |    13 |     7 |     3 ||    23
 Stab: Sleeping          |       |     5 |     4 |     1 ||    10
Armor: Animal skin       |    23 |    43 |    44 |    26 ||   136
Dodge: Dodged            |    43 |    52 |   183 |   133 ||   411
Block: Kite shield       |    11 |    58 |   113 |       ||   182

Table legend: (Time is in decaauts)
 A = Elapsed time spent in this place.
 B = Non-inter-level travel time spent in this place.
 C = Inter-level travel time spent in this place.
 D = Time resting spent in this place.
 E = Time spent auto-exploring this place.
 F = Levels seen in this place.
 G = Mean time per level.
                   A        B        C        D        E       F      G
               +--------+--------+--------+--------+--------+-----+--------+
         Total |  11965 |  11715 |    250 |   4477 |   5085 |  11 | 1087.7 |
       Dungeon |  10493 |  10243 |    250 |   3735 |   4844 |   9 | 1165.9 |
         Abyss |    445 |    445 |      0 |    260 |      0 |   1 |  445.0 |
         Sewer |   1027 |   1027 |      0 |    481 |    240 |   1 | 1027.0 |
               +--------+--------+--------+--------+--------+-----+--------+

Top non-repeatable levels by time:
     D:7: 1574 daAuts
     D:2: 1458 daAuts
     D:5: 1457 daAuts
     D:8: 1404 daAuts
     D:6: 1301 daAuts
     D:3: 1071 daAuts
     D:1: 1057 daAuts
   Sewer: 1027 daAuts
     D:4: 860 daAuts
 Abyss:1: 445 daAuts
     D:9: 308 daAuts
